Map: Void Launch

Players

MattBarry

  • Race: Protoss Protoss
  • Spawn Location: 6:00

MattBarry

  • Race: Zerg Zerg

VOD

Have the link to the VOD?

Description

Time

  • Played on: Jan. 2, 2023, 7:57 p.m.
  • Length: 25:08
Show
View Real Time Build Order
Export as new Build Order

MattBarry Protoss 

Build Orders:  

Get SALT Encoding   

  12  0:02  Probe (Chrono Boost)  
  13  0:16  Probe (Chrono Boost)  
  14  0:26  Pylon  
  14  0:31  Probe (Chrono Boost)  
  15  0:50  Probe (Chrono Boost)  
  15  0:53  Gateway  
  16  1:04  Probe (Chrono Boost)  
  16  1:09  Assimilator  
  17  1:20  Probe (Chrono Boost)  
  18  1:30  Gateway  
  18  1:33  Probe (Chrono Boost)  
  19  1:45  Dark Pylon  
  19  1:47  Probe (Chrono Boost)  
  20  2:00  Cybernetics Core  
  20  2:02  Centurion  
  20  2:05  Probe (Chrono Boost)  
  23  2:18  Pylon  
  23  2:40  Centurion  
  23  2:41  Centurion  
  23  2:47  Assimilator  
  27  2:50  Warp Gate  
  27  2:59  Forge  
  27  3:12  Protoss Ground Weapons Level 1  
  27  3:18  Stalker  
  27  3:19  Stalker  
  31  3:41  Dark Pylon  
  31  3:57  Gateway  
  31  3:59  Gateway  
  31  4:13  Stalker  
  31  4:14  Stalker  
  35  4:25  Pylon  
  35  4:46  Stalker x2  
  39  4:57  Twilight Council  
  39  5:22  Centurion x3  
  45  5:34  Protoss Ground Armor Level 1  
  45  6:04  Nexus  
  45  6:05  Probe (Chrono Boost)  
  46  6:17  Pylon  
  46  6:19  Dark Pylon  
  46  6:37  Stalker  
  46  6:38  Stalker  
  50  7:00  Stalker x2  
  50  7:07  Blink  
  54  7:19  Probe (Chrono Boost)  
  55  7:26  Dark Pylon  
  55  7:32  Stalker  
  55  7:34  Protoss Ground Weapons Level 2  
  55  7:36  Stalker, Probe (Chrono Boost)  
  60  7:54  Phase Reactor  
  60  8:19  Probe (Chrono Boost)  
  62  8:20  Probe (Chrono Boost)  
  62  8:35  Stalker x2  
  62  8:36  Probe (Chrono Boost)  
  62  8:37  Probe (Chrono Boost)  
  60  9:27  Stalker x3  
  60  9:28  Stalker  
  64  9:51  Dark Pylon  
  48  10:26  Stalker x2  
  48  10:27  Stalker x2  
  56  10:46  Probe x2 (Chrono Boost)  
  58  10:50  Gateway x2  
  58  10:54  Gateway  
  58  11:03  Probe x2 (Chrono Boost)  
  60  11:10  Stalker  
  60  11:11  Stalker x3  
  68  11:27  Assimilator  
  68  11:31  Assimilator  
  68  11:41  Protoss Ground Weapons Level 3  
  68  11:42  Dark Pylon  
  68  11:46  Stargate  
  68  11:52  Centurion x4  
  76  12:03  Probe x2 (Chrono Boost)  
  76  12:05  Shadow Charge  
  76  12:08  Pylon  
  78  12:12  Photon Cannon  
  80  12:20  Probe x2 (Chrono Boost)  
  80  12:27  Oracle  
  83  12:55  Probe x2 (Chrono Boost)  
  83  12:58  Pylon  
  83  12:59  Pylon  
  85  13:03  Centurion x4  
  95  13:12  Probe x2 (Chrono Boost)  
  95  13:33  Pylon  
  95  13:34  Pylon  
  95  13:39  Dark Pylon  
  95  13:50  Stalker x3  
  95  13:51  Stalker x3  
  95  13:53  Stalker  
  88  15:26  Stalker x4  
  88  15:27  Stalker x2  
  88  15:29  Stalker  
  102  15:38  Oracle  
  97  15:53  Darkcoil  
  95  16:00  Protoss Ground Armor Level 2  
  95  16:02  Oracle  
  95  16:06  Centurion x2  
  95  16:07  Centurion x5  
  115  16:43  Stalker x3  
  115  16:44  Stalker x4  
  125  17:27  Dark Pylon  
  121  17:47  Oracle  
  115  18:02  Stalker x2  
  115  18:03  Stalker x5  
  129  18:10  Oracle  
  132  18:31  Pylon  
  132  18:32  Pylon  
  132  18:34  Pylon  
  132  18:35  Pylon  
  132  18:36  Pylon, Stalker  
  132  18:37  Stalker x5  
  132  18:38  Stalker  
  143  20:18  Dark Pylon  
  143  20:22  Stalker x2  
  143  20:23  Stalker x5  
  157  20:36  Gateway  
  157  20:37  Gateway  
  157  20:42  Gateway  
  157  20:45  Gateway  
  157  21:03  Dark Shrine  
  157  21:11  Stalker x5  
  157  21:12  Stalker x2  
  171  21:38  Dark Pylon  
  171  21:43  Centurion x2  
  171  21:44  Centurion x5  
  177  22:23  Shadow Fury  
  177  23:40  Dark Pylon  
Show
View Real Time Build Order
Export as new Build Order

MattBarry Zerg 

Build Orders:  

Get SALT Encoding   

  18  0:03  Primal Drone  
  19  0:11  Primal Drone  
  19  0:19  Primal Drone  
  21  0:27  Primal Drone  
  22  0:38  Primal Drone  
  23  0:54  Primal Warden  
  24  1:03  Extractor  
  24  1:05  Primal Drone  
  25  1:29  Primal Drone x2  
  27  1:38  Primal Drone  
  29  2:11  Primal Warden  
  29  2:24  Primal Drone  
  29  2:25  Primal Drone  
  31  2:31  Glevig's Den  
  30  2:44  Primal Drone x2  
  32  2:59  Primal Warden  
  33  3:03  Primal Drone  
  34  3:11  Extractor  
  34  3:16  Primal Drone  
  35  3:31  Primal Drone  
  35  3:39  Primal Zergling x2  
  38  3:40  Primal Zergling x2  
  40  4:09  Primal Roach x4  
  48  4:15  Primal Drone x2  
  48  4:18  Primal Drone  
  51  5:05  Primal Wurm  
  52  5:11  Primal Roach x3  
  52  5:12  Primal Roach x4  
  66  5:56  Primal Roach x2  
  66  5:57  Primal Roach x2  
  74  6:05  Murvar's Den  
  73  6:34  Primal Hive  
  78  6:43  Primal Hydralisk  
  78  6:48  Primal Drone x2  
  82  6:52  Primal Drone  
  83  7:21  Primal Igniter x4  
  83  7:22  Primal Igniter x3  
  76  8:05  Primal Hydralisk x3  
  76  8:06  Primal Hydralisk x5  
  92  8:20  Primal Drone x3  
  95  8:32  Primal Drone x4  
  95  8:34  Primal Drone  
  100  8:42  Muscular Augments  
  100  8:54  Primal Hydralisk  
  100  8:55  Primal Hydralisk  
  94  10:03  Primal Hydralisk x4  
  94  10:04  Primal Hydralisk x3  
  108  10:15  Primal Drone x3  
  108  10:16  Primal Drone x5  
  108  10:17  Primal Drone x2  
  115  11:09  Dakrun's Den  
  114  11:15  Primal Attacks Level 1  
  93  12:06  Extractor  
  93  12:09  Extractor  
  93  12:11  Primal Drone x2  
  93  12:12  Primal Drone x2  
  93  12:13  Primal Drone  
  98  12:31  Primal Hydralisk x2  
  98  12:32  Primal Hydralisk x4  
  110  13:55  Primal Carapace Level 1  
  110  14:00  Primal Ultralisk  
  95  15:37  Primal Warden  
  95  15:39  Primal Warden  
  94  15:59  Primal Ultralisk x2  
  106  16:05  Primal Roach  
  106  16:06  Primal Zergling  
  106  16:07  Primal Zergling x11  
  103  16:54  Primal Ultralisk  
  109  17:34  Primal Hydralisk  
  109  17:35  Primal Hydralisk x6  
  123  18:08  Primal Hydralisk x5  
  133  18:29  Primal Attacks Level 2  
  133  18:33  Primal Zergling  
  133  18:34  Primal Zergling x8  
  142  18:47  Primal Warden  
  144  18:51  Primal Warden  
  144  19:03  Primal Hydralisk  
  144  19:04  Primal Hydralisk x4  
  89  19:58  Primal Zergling  
  84  20:00  Primal Zergling  
  84  20:01  Primal Zergling  
  86  20:12  Primal Drone x2  
  86  20:13  Primal Drone x2  
  86  20:18  Primal Drone  
  86  21:08  Primal Hydralisk x4  
  86  21:09  Primal Hydralisk x11  
  116  21:16  Primal Mutalisk  
  116  21:17  Primal Mutalisk  
  114  21:53  Slicing Glave  
  98  22:47  Primal Hydralisk  
  98  22:48  Primal Hydralisk x12  
  124  22:53  Primordial Fury  
  124  22:56  Primal Mutalisk  
  124  22:57  Primal Mutalisk x2  
  118  23:53  Shifting Carapace  
  105  24:21  Primal Hydralisk  
  105  24:22  Primal Hydralisk x7  
  105  24:23  Primal Hydralisk x5  
Tags
 
Commander
DehakaVorazun
Matchup
Co-op
Replay Pack
Multiplayer
Add a new tag
Caveats
  • Supply blocks, unpowered buildings, or Contaminate may cause inaccurate times.
  • Supply counts are checked every 10 seconds.